TOP OF THE 1ST |
Chicago Cubs batting - Pitching for New York Mets : RHP Chris Painter
|
Pitching: RHP Chris Painter
|
|
Batting: RHB Yasuhide Kasahara
|
0-0: Called Strike 0-1: Foul Ball, location: 2F 0-2: Foul Ball, location: 2F 0-2: Strikes out swinging
|
Batting: RHB Elijah Campbell
|
0-0: Ball 1-0: Called Strike 1-1: Fly out, F3 (Flyball, 3D, EV 86.9 MPH)
|
Batting: RHB Efrain Vargas
|
0-0: Foul Ball, location: 2F 0-1: Swinging Strike 0-2: Ball 1-2: Ball 2-2: Ground out 5-3 (Groundball, 56, EV 110.0 MPH)
|
Top of the 1st over - 0 runs, 0 hits, 0 errors, 0 left on base; Chicago 0 - New York 0 |
BOTTOM OF THE 1ST |
New York Mets batting - Pitching for Chicago Cubs : RHP Gabe Wagner
|
Pitching: RHP Gabe Wagner
|
|
Batting: LHB Kevin Bellman
|
0-0: Called Strike 0-1: Ball 1-1: Ball 2-1: Ball 3-1: Called Strike 3-2: Fly out, F9 (Flyball, 89D, EV 94.4 MPH)
|
Batting: SHB Gus Berry
|
0-0: Swinging Strike 0-1: Swinging Strike 0-2: Ball 1-2: SINGLE (Groundball, 34D, EV 98.1 MPH)
|
Batting: SHB Sean Cook
|
0-0: Called Strike 0-1: Foul Ball, location: 2F 0-2: Ball 1-2: Ball 2-2: Ball Gus Berry steals 2nd base (no throw) 3-2: Foul Ball, location: 2F 3-2: Ground out 5-3 (Groundball, 5D, EV 91.2 MPH)
|
Batting: SHB Harry Hoop
|
0-0: Called Strike 0-1: Foul Ball, location: 2F 0-2: Ball 1-2: Strikes out swinging
|
Bottom of the 1st over - 0 runs, 1 hit, 0 errors, 1 left on base; Chicago 0 - New York 0 |
TOP OF THE 2ND |
Chicago Cubs batting - Pitching for New York Mets : RHP Chris Painter
|
Batting: RHB Will Leslie
|
0-0: Ball 1-0: Foul Ball, location: 2F 1-1: Foul Ball, location: 2F 1-2: Strikes out swinging
|
Batting: RHB Steve Bui
|
0-0: Fly out, F3 (Line Drive, 4, EV 67.5 MPH)
|
Batting: SHB Tim Hone
|
0-0: Ball 1-0: Ground out U3 (Groundball, 34, EV 86.2 MPH)
|
Top of the 2nd over - 0 runs, 0 hits, 0 errors, 0 left on base; Chicago 0 - New York 0 |
BOTTOM OF THE 2ND |
New York Mets batting - Pitching for Chicago Cubs : RHP Gabe Wagner
|
Batting: RHB Jeff Jank
|
0-0: Called Strike 0-1: Called Strike 0-2: Ball 1-2: Fly out, F3 (Flyball, 3D, EV 73.1 MPH)
|
Batting: SHB Jonathan Jenkins
|
0-0: Ball 1-0: Called Strike 1-1: Called Strike 1-2: Ball 2-2: SINGLE (Groundball, P, EV 88.8 MPH) (infield hit)
|
Batting: RHB Jesus Chavez
|
0-0: Grounds into double play, 6-4-3 (Groundball, 6M, EV 108.1 MPH)
|
Bottom of the 2nd over - 0 runs, 1 hit, 0 errors, 0 left on base; Chicago 0 - New York 0 |
TOP OF THE 3RD |
Chicago Cubs batting - Pitching for New York Mets : RHP Chris Painter
|
Batting: LHB Barend van der Kamp
|
0-0: Ball 1-0: Fly out, F6 (Popup, 4MD, EV 52.5 MPH)
|
Batting: RHB Pat Barton
|
0-0: Called Strike 0-1: Ball 1-1: Fly out, F5 (Popup, 56, EV 63.1 MPH)
|
Batting: SHB Seung-ho Zhang
|
0-0: Ball 1-0: Called Strike 1-1: Foul Ball, location: 2F 1-2: Ball 2-2: Ball 3-2: Foul Ball, location: 2F 3-2: Foul Ball, location: 2F 3-2: Strikes out swinging
|
Top of the 3rd over - 0 runs, 0 hits, 0 errors, 0 left on base; Chicago 0 - New York 0 |
BOTTOM OF THE 3RD |
New York Mets batting - Pitching for Chicago Cubs : RHP Gabe Wagner
|
Batting: SHB Javy Rosa
|
0-0: Ball 1-0: Called Strike 1-1: Ground out U3 (Groundball, 34S, EV 82.5 MPH)
|
Batting: SHB Scott Scott
|
0-0: Ball 1-0: Foul Ball, location: 2F 1-1: Ball 2-1: Foul Ball, location: 2F 2-2: Ground out 4-3 (Groundball, 4S, EV 86.2 MPH)
|
Batting: LHB Kevin Bellman
|
0-0: Ball 1-0: Called Strike 1-1: Foul Ball, location: 2F 1-2: Ball 2-2: Foul Ball, location: 2F 2-2: Fly out, F3 (Flyball, 3D, EV 85.0 MPH)
|
Bottom of the 3rd over - 0 runs, 0 hits, 0 errors, 0 left on base; Chicago 0 - New York 0 |
TOP OF THE 4TH |
Chicago Cubs batting - Pitching for New York Mets : RHP Chris Painter
|
Batting: RHB Yasuhide Kasahara
|
0-0: Ball 1-0: Foul Ball, location: 2F 1-1: Foul Ball, location: 2F 1-2: Foul Ball, location: 2F 1-2: Ball 2-2: Ball 3-2: Foul Ball, location: 2F 3-2: Base on Balls
|
Batting: RHB Elijah Campbell
|
0-0: Ball 1-0: Ball 2-0: Ball 3-0: Called Strike 3-1: Base on Balls Yasuhide Kasahara to second
|
Batting: RHB Efrain Vargas
|
0-0: Swinging Strike 0-1: Ball 1-1: Ball 2-1: Foul Ball, location: 2F 2-2: Foul Ball, location: 2F 2-2: Ball 3-2: Fly out, F9 (Flyball, 9LD, EV 98.8 MPH) Runner from 2nd tags up, SAFE at 3rd, no throw by RF
|
Batting: RHB Will Leslie
|
0-0: Called Strike 0-1: Ball 1-1: Ball Elijah Campbell is caught stealing 2nd base 2-4 2-1: Foul Ball, location: 2F 2-2: Strikes out swinging
|
Top of the 4th over - 0 runs, 0 hits, 0 errors, 1 left on base; Chicago 0 - New York 0 |
BOTTOM OF THE 4TH |
New York Mets batting - Pitching for Chicago Cubs : RHP Gabe Wagner
|
Batting: SHB Gus Berry
|
0-0: Ball 1-0: Bunted foul 1-1: SINGLE (Groundball, 34D, EV 105.6 MPH)
|
Batting: SHB Sean Cook
|
0-0: Foul Ball, location: 2F 0-1: Ball 1-1: Ball 2-1: Called Strike 2-2: Ball 3-2: Base on Balls Gus Berry to second
|
Batting: SHB Harry Hoop
|
0-0: Ball 1-0: Ball 2-0: Called Strike 2-1: Ball 3-1: Swinging Strike 3-2: Fly out, F7 (Flyball, 7D, EV 100.0 MPH) Runner from 2nd tags up, SAFE at 3rd, no throw by LF
|
Batting: RHB Jeff Jank
|
0-0: Foul Ball, location: 2F 0-1: Ball 1-1: Foul Ball, location: 2F 1-2: DOUBLE (Line Drive, 9LM, EV 112.5 MPH) Gus Berry scores Sean Cook to third
|
Batting: SHB Jonathan Jenkins
|
0-0: Ball 1-0: Swinging Strike 1-1: Ball 2-1: SINGLE (Flyball, 34D, EV 88.1 MPH) Sean Cook scores Jeff Jank to third
|
Batting: RHB Jesus Chavez
|
0-0: Fly out, F6 (Popup, 6M, EV 56.2 MPH)
|
Batting: SHB Javy Rosa
|
0-0: Ball 1-0: Ball 2-0: Called Strike 2-1: Foul Ball, location: 2F 2-2: Ball 3-2: Foul Ball, location: 2F 3-2: Base on Balls Jonathan Jenkins to second
|
Batting: SHB Scott Scott
|
0-0: Ball 1-0: Ball 2-0: Ball 3-0: Called Strike 3-1: Base on Balls Jeff Jank scores Jonathan Jenkins to third Javy Rosa to second
|
Batting: LHB Kevin Bellman
|
0-0: Called Strike 0-1: Foul Ball, location: 2F 0-2: Ball 1-2: Ball 2-2: SINGLE (Groundball, 4MD, EV 103.1 MPH) Jonathan Jenkins scores Javy Rosa to third Scott Scott to second Runner from 3rd tries for Home, SAFE, throw by CF to home
|
Pitching: RHP Chris Ishii
|
|
Batting: SHB Gus Berry
|
0-0: Called Strike 0-1: Ground out 4-3 (Groundball, 34D, EV 105.6 MPH)
|
Bottom of the 4th over - 5 runs, 4 hits, 0 errors, 2 left on base; Chicago 0 - New York 5 |
TOP OF THE 5TH |
Chicago Cubs batting - Pitching for New York Mets : RHP Chris Painter
|
Batting: RHB Steve Bui
|
0-0: Called Strike 0-1: Ball 1-1: Foul Ball, location: 2F 1-2: Fly out, F9 (Flyball, 9S, EV 80.6 MPH)
|
Batting: SHB Tim Hone
|
0-0: Called Strike 0-1: Ground out 6-3 (Groundball, 6D, EV 103.8 MPH)
|
Batting: LHB Barend van der Kamp
|
0-0: Called Strike 0-1: Ball 1-1: Fly out, F7 (Flyball, 78S, EV 90.0 MPH)
|
Top of the 5th over - 0 runs, 0 hits, 0 errors, 0 left on base; Chicago 0 - New York 5 |
BOTTOM OF THE 5TH |
New York Mets batting - Pitching for Chicago Cubs : RHP Chris Ishii
|
Batting: SHB Sean Cook
|
0-0: Ball 1-0: Ball 2-0: Ball 3-0: Called Strike 3-1: Base on Balls
|
Batting: SHB Harry Hoop
|
0-0: Called Strike 0-1: Ball 1-1: Grounds into double play, 3-6-3 (Groundball, 3, EV 96.2 MPH)
|
Batting: RHB Jeff Jank
|
0-0: Ground out U3 (Groundball, 3S, EV 89.4 MPH)
|
Bottom of the 5th over - 0 runs, 0 hits, 0 errors, 0 left on base; Chicago 0 - New York 5 |
TOP OF THE 6TH |
Chicago Cubs batting - Pitching for New York Mets : RHP Chris Painter
|
Batting: RHB Pat Barton
|
0-0: Called Strike 0-1: Foul Ball, location: 2F 0-2: TRIPLE (Flyball, 89XD, EV 95.6 MPH)
|
Batting: SHB Seung-ho Zhang
|
0-0: Swinging Strike 0-1: Fly out, F3 (Line Drive, 3, EV 66.9 MPH)
|
Batting: RHB Yasuhide Kasahara
|
0-0: Ball 1-0: Ball 2-0: Ball 3-0: Foul Ball, location: 2F 3-1: Base on Balls
|
Batting: RHB Elijah Campbell
|
0-0: Called Strike 0-1: Foul Ball, location: 2F 0-2: Ball 1-2: Ball 2-2: DOUBLE (Flyball, 8LXD, EV 102.5 MPH) Pat Barton scores Yasuhide Kasahara to third Runner from 3rd tries for Home, SAFE, throw by CF to home
|
Batting: RHB Efrain Vargas
|
0-0: Ball 1-0: Called Strike 1-1: Ball 2-1: Called Strike 2-2: Ground out 4-3 (Groundball, 34, EV 80.6 MPH) Elijah Campbell to third
|
Batting: RHB Will Leslie
|
0-0: Ball 1-0: Fly out, F8 (Flyball, 78M, EV 93.1 MPH)
|
Top of the 6th over - 2 runs, 2 hits, 0 errors, 1 left on base; Chicago 2 - New York 5 |
BOTTOM OF THE 6TH |
New York Mets batting - Pitching for Chicago Cubs : RHP Chris Ishii
|
Batting: SHB Jonathan Jenkins
|
0-0: Ball 1-0: Fly out, F8 (Flyball, 8RM, EV 89.4 MPH)
|
Batting: RHB Jesus Chavez
|
0-0: Called Strike 0-1: Ball 1-1: Foul Ball, location: 2F 1-2: Ground out 6-3 (Groundball, P, EV 82.5 MPH)
|
Batting: SHB Javy Rosa
|
0-0: Called Strike 0-1: Foul Ball, location: 2F 0-2: Foul Ball, location: 2F 0-2: Foul Ball, location: 2F 0-2: Ball 1-2: Foul Ball, location: 2F 1-2: Strikes out swinging
|
Bottom of the 6th over - 0 runs, 0 hits, 0 errors, 0 left on base; Chicago 2 - New York 5 |
TOP OF THE 7TH |
Chicago Cubs batting - Pitching for New York Mets : RHP Chris Painter
|
Batting: RHB Steve Bui
|
0-0: Ball 1-0: Foul Ball, location: 2F 1-1: Swinging Strike 1-2: Ground out 6-3 (Groundball, 6, EV 95.0 MPH)
|
Batting: SHB Tim Hone
|
0-0: Called Strike 0-1: Foul Ball, location: 2F 0-2: Foul Ball, location: 2F 0-2: Strikes out swinging
|
Batting: LHB Barend van der Kamp
|
0-0: Ball 1-0: Ground out 4-3 (Groundball, 34, EV 109.4 MPH)
|
Top of the 7th over - 0 runs, 0 hits, 0 errors, 0 left on base; Chicago 2 - New York 5 |
BOTTOM OF THE 7TH |
New York Mets batting - Pitching for Chicago Cubs : RHP Chris Ishii
|
Pitching: RHP Chris Allen
|
|
Batting: SHB Scott Scott
|
0-0: Foul Ball, location: 2F 0-1: Fly out, F7 (Flyball, 78S, EV 90.0 MPH)
|
Batting: LHB Kevin Bellman
|
0-0: Ball 1-0: Called Strike 1-1: Foul Ball, location: 2F 1-2: Foul Ball, location: 2F 1-2: Ball 2-2: Ball 3-2: Ground out U3 (Groundball, 3, EV 104.4 MPH)
|
Batting: SHB Gus Berry
|
0-0: Called Strike 0-1: Called Strike 0-2: Foul Ball, location: 2F 0-2: Strikes out swinging
|
Bottom of the 7th over - 0 runs, 0 hits, 0 errors, 0 left on base; Chicago 2 - New York 5 |
TOP OF THE 8TH |
Chicago Cubs batting - Pitching for New York Mets : RHP Chris Painter
|
Pitching: RHP O.D. Claussen
|
|
Batting: RHB Pat Barton
|
0-0: Ball 1-0: Called Strike 1-1: Ball 2-1: Ground out 4-3 (Groundball, 4, EV 100.0 MPH)
|
Batting: SHB Seung-ho Zhang
|
0-0: Ball 1-0: Foul Ball, location: 2F 1-1: Fly out, F7 (Flyball, 7D, EV 93.1 MPH)
|
Batting: RHB Yasuhide Kasahara
|
0-0: Ball 1-0: Ball 2-0: Ball 3-0: Called Strike 3-1: Called Strike 3-2: Fly out, F8 (Flyball, 8RD, EV 78.1 MPH)
|
Top of the 8th over - 0 runs, 0 hits, 0 errors, 0 left on base; Chicago 2 - New York 5 |
BOTTOM OF THE 8TH |
New York Mets batting - Pitching for Chicago Cubs : RHP Chris Allen
|
Batting: SHB Sean Cook
|
0-0: Ball 1-0: Called Strike 1-1: Ball 2-1: Ball 3-1: Base on Balls
|
Batting: SHB Harry Hoop
|
0-0: Called Strike 0-1: Ball 1-1: Foul Ball, location: 2F 1-2: Ball 2-2: Strikes out swinging
|
Batting: RHB Jeff Jank
|
0-0: Ball 1-0: Foul Ball, location: 2F 1-1: Swinging Strike 1-2: Ball 2-2: DOUBLE (Line Drive, 89D, EV 101.2 MPH) Sean Cook to third Runner from 3rd tries for Home, SAFE, throw by RF to home
|
Batting: SHB Jonathan Jenkins
|
0-0: Intentional Walk
|
Batting: RHB Jesus Chavez
|
0-0: Foul Ball, location: 2F 0-1: Ball 1-1: Ball 2-1: Ball 3-1: Base on Balls Jeff Jank to third Jonathan Jenkins to second
|
Batting: SHB Javy Rosa
|
0-0: Ball 1-0: SINGLE (Groundball, 4MD, EV 106.9 MPH) Jeff Jank scores Jonathan Jenkins to third Jesus Chavez to second
|
Batting: SHB Scott Scott
|
0-0: Ball 1-0: Foul Ball, location: 2F 1-1: Foul Ball, location: 2F 1-2: Ball 2-2: Strikes out swinging
|
Batting: LHB Kevin Bellman
|
0-0: Ball 1-0: Ball 2-0: Ball 3-0: Base on Balls Jonathan Jenkins scores Jesus Chavez to third Javy Rosa to second
|
Batting: SHB Gus Berry
|
0-0: Ball 1-0: Foul Ball, location: 2F 1-1: Ball 2-1: Called Strike 2-2: Ball 3-2: Foul Ball, location: 2F 3-2: Base on Balls Jesus Chavez scores Javy Rosa to third Kevin Bellman to second
|
Pinch Hitting: RHB Jeff MacPhee
|
0-0: Foul Ball, location: 2F 0-1: Ball 1-1: Ball 2-1: Swinging Strike 2-2: Fielders Choice at 2nd, 6-4 (Groundball, 6, EV 77.5 MPH)
|
Bottom of the 8th over - 4 runs, 2 hits, 0 errors, 3 left on base; Chicago 2 - New York 9 |
TOP OF THE 9TH |
Chicago Cubs batting - Pitching for New York Mets : RHP O.D. Claussen
|
Now in RF: Jeff MacPhee
|
|
Batting: RHB Elijah Campbell
|
0-0: Ball 1-0: Ball 2-0: Foul Ball, location: 2F 2-1: Ball 3-1: Fly out, F4 (Popup, 4S, EV 76.9 MPH)
|
Batting: RHB Efrain Vargas
|
0-0: Ball 1-0: Foul Ball, location: 2F 1-1: Ball 2-1: Ground out 6-3 (Groundball, 6, EV 80.0 MPH)
|
Batting: RHB Will Leslie
|
0-0: Called Strike 0-1: Swinging Strike 0-2: Ground out 6-3 (Groundball, 6, EV 80.6 MPH)
|
Top of the 9th over - 0 runs, 0 hits, 0 errors, 0 left on base; Chicago 2 - New York 9 |
|